[Event "URU-ch Semi Final 2020"]
[Site "Montevideo"]
[Date "2020.02.25"]
[Round "7.21"]
[White "Lanaro, Emilio"]
[Black "Blanco, Rudemar Ernesto"]
[Result "1-0"]
[ECO "B01"]
[WhiteElo "1670"]
[BlackElo "1470"]
[Annotator "NA RC"]
[PlyCount "55"]
[EventDate "2020.02.22"]
[EventType "swiss"]
[EventCountry "URU"]
[SourceTitle "playchess.com"]
[Source "ChessBase"]
[SourceQuality "1"]
[TimeControl "5400+30"]

1. e4 d5 2. exd5 Qxd5 3. Nc3 Qd6 4. d4 c6 5. Nf3 Bg4 6. h3 Bh5 7. Be2 Nf6 8. Be3 e6 9. Qd2 Qc7 10. g4 Bg6 11. Ne5 Nbd7 12. f4 Nxe5 13. fxe5 Ne4 14. Nxe4 Bxe4 15. Rg1 O-O-O 16. O-O-O c5 17. Qc3 cxd4 18. Qxc7+ Kxc7 19. Rxd4 Be7 20. Rxe4 a6 21. Rc4+ Kb8 22. Rd4 Rxd4 23. Bxd4 Bg5+ 24. Kb1 Rd8 25. Rd1 Rc8 26. Bf3 Rc7 27. Bb6 Rc8 28. Rd7 1-0

[Event "URU-ch Semi Final 2020"]
[Site "Montevideo"]
[Date "2020.02.25"]
[Round "8.12"]
[White "Zaruski, Julio"]
[Black "Garcia, Matias"]
[Result "1-0"]
[ECO "A45"]
[WhiteElo "1822"]
[BlackElo "1810"]
[Annotator "NA"]
[PlyCount "95"]
[EventDate "2020.02.22"]
[EventType "swiss"]
[EventCountry "URU"]
[SourceTitle "playchess.com"]
[Source "ChessBase"]
[SourceQuality "1"]
[TimeControl "5400+30"]

1. d4 Nf6 2. Bf4 e6 3. Nf3 c5 4. c3 b6 5. e3 Bb7 6. Nbd2 Nc6 {[%emt 0:03:05] A47: 1 d4 Nf6 2 Nf3 b6: Torre, London and Colle Systems.} 7. Bd3 cxd4 8. exd4 Be7 9. Qe2 d6 (9... Nh5 $5 10. Be3 O-O $11) 10. Ba6 ({White should try} 10. h3 $14) 10... Bxa6 11. Qxa6 O-O {[%emt 0:00:56] [#]} 12. h3 $146 ({Predecessor:} 12. Qe2 Qd7 13. O-O Rac8 14. h3 Nd5 15. Bh2 Na5 16. c4 Nf6 17. Rfe1 d5 18. Ne5 {0-1 (37) Rogai,S (2015)-Boscolo,M (2129) Fermo 2010}) 12... Qd7 13. O-O h6 14. Qd3 Rad8 15. Bg3 Rfe8 16. Rfe1 Qb7 17. Ne4 Nb8 18. Nxf6+ Bxf6 19. Qc2 b5 20. Re3 a5 21. Rae1 Qb6 22. Bh4 (22. d5 $5 e5 23. Nd4 $11 {[%mdl 64] Back Rank}) 22... Bxh4 23. Nxh4 Rc8 $2 {[%emt 0:01:24] [#]} (23... d5 $11) 24. Qe2 (24. d5 $1 $16 Qd4 25. Qe4 (25. cxd4 Rxc2 26. Nf5 Rf8 $16) (25. dxe6 Qxh4 26. exf7+ {[%mdl 64] Discovered Attack} Kxf7 $16) 25... Qxe4 26. Rxe4) 24... b4 $2 {[%emt 0:03:44] [#]} (24... d5 $14) 25. Qg4 (25. d5 $1 $18 {[%cal Rd5e6][%mdl 512] is the precise move to win.} e5 (25... exd5 26. Rxe8+) 26. Rg3) 25... Kh8 $2 {[%emt 0:02:44] [#]} (25... Qb5 $16) 26. Nf5 $1 Rg8 27. Ne7 $1 {[%emt 0:00:13] Double Attack} bxc3 28. bxc3 ({Resist} 28. Nxc8 Rxc8 29. Rxc3 Rxc3 $18) 28... Nd7 29. Nxg8 ({Not} 29. Nxc8 Rxc8 $18 30. Rg3 Rg8 $16) 29... Rxg8 30. Qh5 Rf8 31. Rf3 Kg8 32. Kh2 d5 33. Ree3 ({White should try} 33. Qg4 $16) 33... Qd8 (33... Qb8+ $1 $14 34. Rg3 Nf6) 34. Rg3 Kh7 $2 {[%emt 0:01:11] [#]} (34... Kh8 $16 35. Qg4 Rg8) 35. Rxe6 $1 Nf6 36. Qf5+ Kh8 37. Re5 Qd6 38. Kg1 a4 39. Rge3 a3 40. g4 Rb8 41. Kg2 g6 42. Qf4 Kg7 43. c4 Nd7 44. c5 Qc7 45. Rf5 Qxf4 46. Rxf4 Rb4 47. c6 Nb6 48. Re7 1-0

[Event "URU-ch Semi Final 2020"]
[Site "Montevideo"]
[Date "2020.02.25"]
[Round "8.13"]
[White "Davila Texeira, Mario"]
[Black "Belbey, Juan"]
[Result "1-0"]
[ECO "A81"]
[WhiteElo "1819"]
[BlackElo "1611"]
[Annotator "NA RC"]
[PlyCount "119"]
[EventDate "2020.02.22"]
[EventType "swiss"]
[EventCountry "URU"]
[SourceTitle "playchess.com"]
[Source "ChessBase"]
[SourceQuality "1"]
[TimeControl "5400+30"]

1. d4 f5 2. g3 d6 3. Bg2 c6 4. c4 g6 5. Nc3 Nf6 6. b3 {[%emt 0:00:52] A81: Dutch Defence: 2 g3.} Bg7 7. Bb2 {[%emt 0:00:04] [#]} Nbd7 $146 ({Predecessor:} 7... O-O 8. e3 e5 9. dxe5 dxe5 10. Qxd8 Rxd8 11. e4 f4 12. Nge2 fxg3 13. hxg3 Bg4 {1-0 (57) Pamperin,G (1898)-Schloesser,F (1819) Hamburg 2018}) 8. Nh3 h6 9. Nf4 Nf8 10. e3 (10. d5 $16) 10... e5 11. Nfe2 e4 12. d5 c5 13. O-O Qe7 14. a4 ({White should try} 14. b4 $14) 14... N8d7 ({Black should play} 14... g5 $15) 15. Nf4 Ne5 16. Nb5 Kf7 17. Ra2 ({White should try} 17. Bxe5 $16 Qxe5 18. f3) 17... a6 18. Nc3 g5 19. Nh5 g4 ({Black should try} 19... Nxh5 $17 20. Qxh5+ Kg8) 20. Nxg7 Kxg7 21. Ne2 h5 22. Nf4 Nf3+ (22... a5 $15 {keeps the upper hand.}) 23. Bxf3 gxf3 24. h4 Bd7 (24... a5 $16) 25. Qa1 ({White should play} 25. b4 $18) 25... Rh6 ({Black should play} 25... a5 $14) 26. Rd1 (26. b4 $18) 26... Rf8 (26... a5 $16 {was called for.}) 27. Bc3 Kh7 28. Rad2 (28. b4 $16) 28... Rg8 29. Ne6 $2 (29. a5 $16 {stays on course.}) 29... Rhg6 $2 ({Black should try} 29... Ne8 $19 30. Nf4 Rg4) 30. Bxf6 Rxf6 31. Nf4 Rg4 32. Rc2 (32. Kh2 $11) 32... Be8 33. Kf1 Qg7 $2 {[%emt 0:01:01] [#]} (33... a5 $14) 34. Ke1 $2 ({White has to play} 34. a5 $1 $18) 34... b5 $2 (34... a5 $1 $14) 35. axb5 axb5 36. Ra2 Rxf4 37. exf4 e3 38. Ra7 Bf7 39. cxb5 e2 40. Rc1 (40. Rd3 $142 Kg6 41. Rxf3) 40... Kh6 41. Qc3 (41. b6 $142 Rg6 42. Qxg7+ Rxg7 43. b7 Rg8 44. Ra8 Bxd5 45. Rxg8 Bxb7 46. Rd8) 41... Kg6 42. Qxf3 Qg8 43. Rc3 Bxd5 (43... Qb8 $142 44. Re7 Qxb5) 44. Qxe2 Bxb3 45. Re3 Qd5 46. Ree7 Qh1+ 47. Qf1 Qxf1+ 48. Kxf1 Bf7 49. Rxf7 Rxf7 50. Rxf7 Kxf7 51. b6 Ke6 52. b7 Kd5 53. b8=Q c4 54. Qg8+ Kd4 55. Qg7+ Kd3 {[%emt 0:00:08] [#]} 56. Qf6 $1 d5 57. Qxf5+ Kd4 58. Qe5+ Kc5 59. f5 Kb4 60. Qxd5 1-0

[Event "URU-ch Semi Final 2020"]
[Site "Montevideo"]
[Date "2020.02.25"]
[Round "8.14"]
[White "Amaral, Francisco"]
[Black "Ramirez, Agustin"]
[Result "1/2-1/2"]
[ECO "A15"]
[WhiteElo "1567"]
[BlackElo "1715"]
[Annotator "NA RC"]
[PlyCount "47"]
[EventDate "2020.02.22"]
[EventType "swiss"]
[EventCountry "URU"]
[SourceTitle "playchess.com"]
[Source "ChessBase"]
[SourceQuality "1"]
[TimeControl "5400+30"]

1. c4 Nf6 2. g3 g6 3. Bg2 Bg7 4. Nc3 O-O 5. e3 d6 6. Nge2 e5 7. O-O Re8 8. d3 Nc6 9. Rb1 Nh5 10. b4 f5 11. Nd5 Ne7 12. f4 c6 13. Nxe7+ Qxe7 14. a4 exf4 15. Nxf4 Nxf4 16. exf4 Bd7 17. Bd2 Qf7 18. Qf3 Re7 19. Rfe1 Rae8 20. Rxe7 Rxe7 21. Re1 Bd4+ 22. Kf1 Rxe1+ 23. Bxe1 Qe7 24. Qe2 1/2-1/2

[Event "URU-ch Semi Final 2020"]
[Site "Montevideo"]
[Date "2020.02.25"]
[Round "8.15"]
[White "Torales, Agustin"]
[Black "Campora, Edgardo"]
[Result "1-0"]
[ECO "B06"]
[WhiteElo "1623"]
[BlackElo "1676"]
[Annotator "NA RC"]
[PlyCount "89"]
[EventDate "2020.02.22"]
[EventType "swiss"]
[EventCountry "URU"]
[SourceTitle "playchess.com"]
[Source "ChessBase"]
[SourceQuality "1"]
[TimeControl "5400+30"]

1. e4 g6 2. d4 Bg7 3. Nf3 d6 4. Bd3 a6 5. O-O Nd7 6. Re1 e5 7. c3 Ne7 8. Bc2 c5 9. dxe5 dxe5 10. Nbd2 O-O 11. Nc4 b5 12. Nd6 Qc7 13. Be3 Nb6 14. Nxc8 Raxc8 15. a4 Nc4 16. axb5 Nxe3 17. Rxe3 axb5 18. Rd3 Rfd8 19. Rxd8+ Rxd8 20. Qe2 Rb8 21. g3 b4 22. Qc4 Nc8 23. Rd1 Nd6 24. Qd5 Rd8 25. cxb4 cxb4 26. Qb3 Rb8 27. Rd5 Nb5 28. Kg2 h6 29. Bd3 Na7 30. Qc4 Qxc4 31. Bxc4 Nc6 32. Rd7 Nd8 33. Nh4 Kf8 34. b3 Bf6 35. Nf3 Rb7 36. Rd5 Ke7 37. Nxe5 Bxe5 38. Rxe5+ Kf6 39. f4 Nc6 40. Rd5 Ke7 41. Kf3 Na7 42. e5 Nc8 43. Ke4 f5+ 44. exf6+ Kxf6 45. Ba6 1-0

[Event "URU-ch Semi Final 2020"]
[Site "Montevideo"]
[Date "2020.02.25"]
[Round "8.16"]
[White "Cayetano, Juan"]
[Black "Larrea, Daniela"]
[Result "1-0"]
[ECO "B20"]
[WhiteElo "1543"]
[BlackElo "1757"]
[Annotator "NA RC"]
[PlyCount "77"]
[EventDate "2020.02.22"]
[EventType "swiss"]
[EventCountry "URU"]
[SourceTitle "playchess.com"]
[Source "ChessBase"]
[SourceQuality "1"]
[TimeControl "5400+30"]

1. e4 c5 2. Bc4 e6 3. c3 Nf6 4. e5 Nd5 5. d4 Nb6 6. Bb3 c4 7. Bc2 d6 8. Nf3 Nc6 9. O-O Be7 10. Qe2 O-O 11. exd6 Bxd6 12. Ne5 Qc7 13. f4 g6 14. Be3 Ne7 15. Nd2 Ned5 16. g3 Nxe3 17. Qxe3 Nd5 18. Qe2 b5 19. a4 b4 20. Qxc4 bxc3 21. Qxc7 Bxc7 22. bxc3 Nxc3 23. Rfe1 Ba6 24. Ndf3 Bd6 25. Bd3 Bxd3 26. Nxd3 a5 27. Nde5 Bb4 28. Re3 Rfc8 29. Nd3 Nd5 30. Re2 Bd6 31. Nde5 Rab8 32. Kf2 Nc3 33. Ree1 Rb2+ 34. Kg1 Rcb8 35. Nc4 Ne2+ 36. Kf1 Nxd4 37. Nxd4 Bc5 38. Nxb2 Bxd4 39. Nc4 1-0

[Event "URU-ch Semi Final 2020"]
[Site "Montevideo"]
[Date "2020.02.25"]
[Round "8.17"]
[White "Ruggiero, Alvaro"]
[Black "Rey, Fernando"]
[Result "1/2-1/2"]
[ECO "C01"]
[WhiteElo "1843"]
[BlackElo "1640"]
[Annotator "NA RC"]
[PlyCount "32"]
[EventDate "2020.02.22"]
[EventType "swiss"]
[EventCountry "URU"]
[SourceTitle "playchess.com"]
[Source "ChessBase"]
[SourceQuality "1"]
[TimeControl "5400+30"]

1. e4 e6 2. d4 d5 3. exd5 exd5 4. Bd3 Bd6 5. Nf3 Nc6 6. O-O Nge7 7. c3 Bg4 8. Re1 f6 9. Bg5 $19 (9. Nbd2 $11 {and White has nothing to worry.}) 9... Qd7 10. Be3 O-O-O 11. b4 Na5 12. a4 Nac6 13. a5 Ng6 14. b5 Nce7 15. Qa4 a6 16. b6 h6 1/2-1/2

[Event "URU-ch Semi Final 2020"]
[Site "Montevideo"]
[Date "2020.02.25"]
[Round "8.18"]
[White "Osinaga, Eduardo"]
[Black "Nakle, Gonzalo"]
[Result "1-0"]
[ECO "B80"]
[WhiteElo "1697"]
[BlackElo "1675"]
[Annotator "NA RC"]
[PlyCount "137"]
[EventDate "2020.02.22"]
[EventType "swiss"]
[EventCountry "URU"]
[SourceTitle "playchess.com"]
[Source "ChessBase"]
[SourceQuality "1"]
[TimeControl "5400+30"]

1. e4 c5 2. Nf3 d6 3. d4 cxd4 4. Nxd4 Nf6 5. Nc3 e6 6. Bd3 Nc6 7. Be3 Bd7 8. O-O Be7 9. a3 O-O 10. h3 Rc8 11. Qe1 Ne5 12. f4 Nxd3 13. cxd3 e5 14. fxe5 dxe5 15. Nf5 Bxf5 16. Rxf5 Qxd3 17. Rxe5 Bd6 18. Rd1 Qxd1 19. Qxd1 Bxe5 20. Qb3 Bxc3 21. bxc3 Nxe4 22. Bd4 b6 23. a4 Nc5 24. Qd1 Rfd8 25. Qg4 Ne6 26. Bf6 Rd5 27. h4 Kh8 28. Bxg7+ Kg8 29. Bh6+ Kh8 30. Qf3 Rcd8 31. Qxf7 R5d6 32. Qxa7 R8d7 33. Qa8+ Rd8 34. Qf3 Kg8 35. Qg4+ Kf7 36. Qf5+ Ke8 37. Qxh7 Rd1+ 38. Kh2 R8d6 39. Qe4 Kd7 40. Qb7+ Nc7 41. Be3 Rb1 42. Bd4 Rh6 43. Qe4 Rf1 44. g3 Re6 45. Qg4 Kc6 46. h5 Ree1 47. Qg6+ Ne6 48. Qe8+ Kb7 49. Qd7+ Nc7 50. Qh7 Re2+ 51. Kh3 Rh1+ 52. Kg4 Kc6 53. Qg6+ Re6 54. Qf5 Rhe1 55. a5 Nd5 56. Kg5 bxa5 57. c4 Ne7 58. Qxa5 Kd7 59. g4 Nc6 60. Qd5+ Ke8 61. Bc3 R1e3 62. Qd2 Nd8 63. Bd4 Nf7+ 64. Kf4 R6e4+ 65. Kf5 Nd6+ 66. Kg5 Re5+ 67. Kh4 Re2 68. Qb4 Ne4 69. Bxe5 1-0

[Event "URU-ch Semi Final 2020"]
[Site "Montevideo"]
[Date "2020.02.25"]
[Round "8.19"]
[White "Lanaro, Emilio"]
[Black "Bon, Charles"]
[Result "1-0"]
[ECO "B90"]
[WhiteElo "1670"]
[BlackElo "1614"]
[Annotator "NA RC"]
[PlyCount "107"]
[EventDate "2020.02.22"]
[EventType "swiss"]
[EventCountry "URU"]
[SourceTitle "playchess.com"]
[Source "ChessBase"]
[SourceQuality "1"]
[TimeControl "5400+30"]

1. e4 c5 2. Nf3 d6 3. d4 cxd4 4. Nxd4 Nf6 5. Nc3 a6 6. Be3 e5 7. Nb3 Be6 8. f3 Be7 9. Qd2 Nbd7 10. g4 b5 11. g5 b4 12. Ne2 Nh5 13. f4 exf4 14. Nxf4 Nxf4 15. Bxf4 Ne5 16. Nd4 Bg4 17. Be2 Bxe2 18. Qxe2 Bxg5 19. Bxg5 Qxg5 20. Nf5 O-O 21. h4 Qf6 22. O-O-O Rfd8 23. Rhg1 g6 24. h5 Kh8 25. hxg6 fxg6 26. Nd4 d5 27. Rdf1 Qb6 28. Nf3 Nxf3 29. Qxf3 dxe4 30. Qxe4 Qd6 31. Rh1 a5 32. b3 Qd4 33. Qxd4+ Rxd4 34. Rf7 h5 35. Re1 Kg8 36. Ree7 h4 37. Rg7+ Kf8 38. Ref7+ Ke8 39. Rb7 Rf4 40. Rxg6 Rf3 41. Rh6 h3 42. Rh8+ Rf8 43. Rxh3 Rf1+ 44. Kb2 Rf2 45. Rh8+ Rf8 46. Rhh7 Rf5 47. a3 bxa3+ 48. Kxa3 Rf4 49. Rh8+ Rf8 50. Rxf8+ Kxf8 51. Ka4 Rc8 52. c4 Rd8 53. Kxa5 Rd3 54. b4 1-0

[Event "URU-ch Semi Final 2020"]
[Site "Montevideo"]
[Date "2020.02.25"]
[Round "8.20"]
[White "Lima Abadal, Nicolas"]
[Black "Blanco, Rudemar Ernesto"]
[Result "1-0"]
[ECO "B01"]
[WhiteElo "1646"]
[BlackElo "1470"]
[Annotator "NA RC"]
[PlyCount "91"]
[EventDate "2020.02.22"]
[EventType "swiss"]
[EventCountry "URU"]
[SourceTitle "playchess.com"]
[Source "ChessBase"]
[SourceQuality "1"]
[TimeControl "5400+30"]

1. e4 d5 2. exd5 Qxd5 3. Nc3 Qd6 4. d4 c6 5. Nf3 Bg4 6. Be2 Nf6 7. Bg5 Nbd7 8. Qd2 Qc7 9. O-O e6 10. Rfe1 Be7 11. Ne5 Bxe2 12. Qxe2 Nxe5 13. dxe5 Nd5 14. Nxd5 cxd5 15. Bxe7 Qxe7 16. Qg4 O-O 17. Re3 Rfc8 18. Rg3 g6 19. c3 Rc4 20. Qe2 Rac8 21. Rf1 Re4 22. Re3 Rcc4 23. f3 Rxe3 24. Qxe3 Qc5 25. Kf2 Kg7 26. Rd1 Qxe3+ 27. Kxe3 f6 28. Rd4 fxe5 29. Rxc4 dxc4 30. Ke4 Kf6 31. b3 cxb3 32. axb3 a5 33. c4 b6 34. h4 h6 35. g4 Ke7 36. Kxe5 g5 37. h5 Kd7 38. Kf6 e5 39. Kg6 Ke6 40. Kxh6 Kf6 41. Kh7 Kf7 42. h6 a4 43. bxa4 Kf8 44. Kg6 Kg8 45. Kxg5 Kh7 46. Kf5 1-0